Map: Blueshift LE

Players

FightingFrog - Winner!

  • Race: Protoss Protoss
  • League: Grandmaster
  • Spawn Location: 7:00

RuinBlaster

  • Race: Terran Terran
  • League: Master
  • Spawn Location: 1:00

VOD

Have the link to the VOD?

Description

Time

  • Played on: Jan. 3, 2019, 2:07 p.m.
  • Length: 14:59
Show
View Real Time Build Order
Export as new Build Order

FightingFrog Protoss - Winner!

Build Orders: 1 Gate Expand, Oracle Opening, Phoenix Opening, Colossus Rush 

Get SALT Encoding   

  12  0:00  Probe  
  13  0:12  Probe  
  14  0:17  Pylon  
  14  0:24  Probe  
  15  0:35  Probe  
  15  0:36  Gateway  
  15  0:41  Assimilator  
  16  0:43  Probe  
  17  0:51  Probe  
  18  1:03  Probe  
  19  1:15  Probe  
  20  1:22  Nexus  
  20  1:32  Cybernetics Core  
  20  1:34  Probe  
  21  1:42  Assimilator  
  21  1:46  Probe  
  22  1:57  Pylon  
  22  1:59  Probe  
  23  2:09  Adept  
  23  2:14  Stargate  
  23  2:15  Probe  
  26  2:26  Probe  
  27  2:30  Warp Gate  
  27  2:31  Probe  
  27  2:34  Probe  
  27  2:36  Adept  
  28  2:39  Probe  
  28  2:43  Probe  
  32  2:49  Probe  
  33  2:54  Probe  
  34  2:59  Oracle, Probe  
  34  3:05  Assimilator  
  38  3:06  Probe  
  38  3:07  Probe  
  38  3:08  Assimilator  
  40  3:15  Probe  
  40  3:18  Probe  
  42  3:20  Pylon  
  42  3:27  Probe  
  42  3:30  Probe  
  42  3:32  Robotics Facility  
  44  3:39  Probe  
  45  3:42  Phoenix, Probe  
  45  3:45  Pylon  
  48  3:51  Probe  
  48  3:53  Pylon  
  48  3:54  Probe  
  50  4:04  Probe  
  50  4:06  Probe  
  50  4:07  Phoenix  
  54  4:13  Gateway  
  54  4:16  Probe  
  53  4:19  Probe  
  53  4:21  Robotics Bay  
  54  4:28  Probe  
  54  4:31  Probe  
  56  4:39  Sentry  
  56  4:40  Probe  
  56  4:41  Immortal  
  56  4:42  Phoenix  
  56  4:43  Probe  
  66  4:49  Pylon  
  66  4:52  Probe  
  67  4:55  Probe  
  68  5:03  Pylon  
  68  5:05  Probe  
  69  5:07  Phoenix  
  69  5:08  Forge  
  69  5:11  Probe  
  69  5:12  Pylon  
  78  5:22  Probe  
  78  5:23  Probe  
  80  5:28  Observer  
  80  5:30  Pylon, Extended Thermal Lance  
  80  5:32  Phoenix  
  77  5:38  Shield Battery  
  77  5:39  Shield Battery  
  77  5:40  Probe  
  77  5:42  Colossus  
  76  5:44  Stalker x2  
  76  5:47  Probe  
  74  5:52  Probe  
  77  5:59  Probe  
  77  6:04  Probe  
  79  6:05  Protoss Ground Weapons Level 1  
  79  6:11  Probe  
  80  6:15  Nexus  
  80  6:17  Phoenix  
  80  6:18  Probe  
  83  6:20  Colossus  
  83  6:21  Protoss Air Weapons Level 1  
  83  6:23  Probe  
  84  6:29  Zealot x2  
  84  6:30  Probe  
  95  6:52  Zealot x2  
  95  6:54  Phoenix  
  101  6:56  Probe  
  102  7:03  Pylon  
  102  7:04  Pylon  
  102  7:12  Probe x2  
  92  7:24  Probe x2  
  92  7:25  Sentry  
  92  7:26  Zealot  
  92  7:27  Phoenix  
  92  7:28  Colossus  
  104  7:36  Probe x2  
  104  7:37  Probe  
  107  7:42  Robotics Facility  
  107  7:46  Assimilator  
  107  7:48  Probe x2  
  107  7:49  Probe  
  107  7:50  Assimilator  
  110  7:51  Pylon  
  110  7:57  Phoenix  
  112  7:58  Gravitic Drive  
  112  8:00  Probe  
  112  8:03  Pylon  
  113  8:10  Zealot  
  113  8:11  Zealot  
  117  8:18  Warp Prism  
  117  8:22  Phoenix  
  121  8:28  Stargate  
  121  8:29  Warp Prism  
  121  8:30  Pylon  
  121  8:32  Pylon  
  123  8:43  Pylon  
  123  8:44  Zealot  
  123  8:45  Zealot  
  123  8:47  Phoenix, Pylon  
  129  8:52  Twilight Council  
  129  8:55  Protoss Air Armor Level 1  
  129  8:57  Probe  
  129  8:58  Colossus  
  134  9:12  Phoenix  
  136  9:18  Phoenix  
  136  9:20  Disruptor  
  136  9:21  Zealot x2  
  145  9:24  Nexus  
  145  9:36  Fleet Beacon  
  145  9:37  Phoenix  
  147  9:46  Phoenix  
  147  9:47  Charge  
  149  10:02  Phoenix  
  151  10:07  Protoss Ground Armor Level 1  
  151  10:10  Phoenix, Zealot x2  
  157  10:18  Immortal  
  157  10:20  Phoenix  
  157  10:23  Immortal, Gateway  
  157  10:25  Protoss Air Weapons Level 2  
  157  10:26  Gateway  
  157  10:27  Phoenix  
  157  10:28  Gateway  
  157  10:32  Pylon  
  157  10:33  Pylon  
  167  10:36  Zealot x2  
  167  10:39  Anion Pulse-Crystals  
  167  10:41  Phoenix  
  171  10:44  Assimilator  
  171  10:49  Assimilator  
  170  11:00  Pylon  
  170  11:01  Void Ray  
  172  11:08  Void Ray  
  174  11:12  Pylon  
  178  11:26  Stargate  
  178  11:31  Stargate  
  178  11:37  Void Ray  
  178  11:41  Cybernetics Core  
  178  11:43  Photon Cannon  
  178  11:44  Shield Battery  
  182  11:48  Void Ray  
  186  11:58  Pylon, Protoss Ground Armor Level 2  
  186  12:01  Void Ray  
  186  12:05  Void Ray  
  186  12:06  Observer  
  187  12:09  Pylon  
  193  12:20  Void Ray  
  195  12:31  Void Ray  
  199  12:41  Protoss Air Armor Level 2  
  197  12:50  Void Ray  
  197  12:51  Void Ray  
  189  13:00  Void Ray  
  189  13:04  Void Ray  
  189  13:06  Nexus  
  189  13:08  Pylon, Zealot  
  199  13:29  Photon Cannon  
  199  13:30  Shield Battery  
  174  13:56  Zealot x5  
  144  14:09  Probe  
  153  14:35  Zealot x2  
  153  14:36  Zealot x3  
  153  14:37  Probe  
  153  14:38  Probe  
Show
View Real Time Build Order
Export as new Build Order

RuinBlaster Terran 

Build Orders: Gas First Reaper Expand, Banshee Rush 

Get SALT Encoding   

  12  0:00  SCV  
  13  0:13  SCV  
  14  0:17  Supply Depot  
  14  0:25  SCV  
  15  0:29  Refinery  
  15  0:38  SCV  
  16  0:43  Barracks  
  16  0:51  SCV  
  17  1:03  SCV  
  18  1:15  SCV  
  19  1:32  Orbital Command, Reaper  
  20  1:43  Command Center  
  20  1:55  Factory  
  20  1:59  SCV  
  21  2:07  Barracks Reactor  
  21  2:08  Supply Depot  
  21  2:11  SCV  
  22  2:23  SCV  
  22  2:25  Refinery  
  23  2:42  Hellion  
  25  2:45  SCV  
  25  2:46  Starport  
  25  2:49  Marine  
  25  2:50  Marine  
  27  2:59  SCV  
  27  3:00  Orbital Command  
  27  3:05  Hellion  
  30  3:08  Marine  
  30  3:09  Marine  
  30  3:11  SCV  
  33  3:23  SCV  
  33  3:26  Marine x2  
  34  3:27  Starport Tech Lab  
  37  3:34  Hellion  
  37  3:36  SCV x2  
  37  3:39  Supply Depot  
  39  3:45  Banshee, Cloaking Field  
  42  3:51  Marine x2  
  42  3:55  SCV x2  
  46  4:08  SCV  
  47  4:11  Barracks  
  47  4:12  Barracks  
  47  4:18  Barracks  
  47  4:19  Supply Depot  
  47  4:20  SCV x2  
  49  4:29  Banshee  
  48  4:33  Factory Tech Lab  
  48  4:34  Marine x2  
  48  4:36  SCV x2  
  50  4:46  Refinery  
  50  4:47  Engineering Bay  
  50  4:48  SCV x2  
  52  4:54  Supply Depot, Marine x2  
  54  5:00  Barracks Tech Lab  
  54  5:02  SCV  
  54  5:03  SCV  
  54  5:04  Factory Reactor  
  54  5:05  Marine, Stimpack  
  57  5:14  Missile Turret  
  57  5:15  Missile Turret  
  57  5:17  Terran Infantry Weapons Level 1  
  57  5:21  Raven  
  56  5:22  SCV x2  
  60  5:32  Marine x3  
  60  5:33  Supply Depot  
  60  5:34  SCV  
  64  5:40  SCV  
  65  5:46  SCV  
  66  5:53  Combat Shield, Marine x4  
  66  5:55  Widow Mine x2  
  66  5:56  SCV  
  69  5:58  SCV  
  70  6:14  Marine x2  
  70  6:15  Marauder x2  
  70  6:17  SCV x2  
  78  6:20  Refinery, Command Center  
  78  6:29  SCV x2  
  79  6:38  Marine x4  
  81  6:44  Widow Mine x2  
  81  6:45  SCV  
  86  6:48  Armory  
  86  6:51  Supply Depot, Engineering Bay, SCV  
  87  7:00  Barracks x2  
  87  7:06  SCV x2  
  70  7:16  Marauder x2, Marine x2  
  70  7:23  Terran Infantry Armor Level 1  
  70  7:28  Concussive Shells  
  69  7:30  Factory Reactor  
  69  7:33  SCV x2  
  69  7:36  Marine x2  
  73  7:37  Marauder x2  
  73  7:42  Terran Infantry Weapons Level 2  
  73  7:43  Terran Ship Weapons Level 1  
  77  7:46  Medivac  
  77  7:49  Medivac  
  81  7:52  Barracks Tech Lab, Barracks Reactor  
  81  7:59  SCV x2  
  81  8:05  Starport  
  79  8:11  SCV x2  
  77  8:13  Orbital Command  
  77  8:22  Marauder x3, Marine  
  77  8:23  Sensor Tower, SCV  
  77  8:24  Marine  
  86  8:34  SCV  
  86  8:35  SCV  
  86  8:37  Marine, Missile Turret  
  86  8:38  Marine  
  86  8:40  Missile Turret  
  90  8:43  Viking x2  
  90  8:46  SCV  
  95  8:53  Missile Turret  
  95  8:54  SCV x2  
  97  8:55  Missile Turret  
  97  8:58  SCV  
  98  9:12  Marauder, Marine x2  
  98  9:13  Viking x2, Marauder x2, Marine x2  
  98  9:15  Viking  
  114  9:20  Viking  
  114  9:24  SCV  
  117  9:29  Supply Depot x2  
  117  9:38  Terran Infantry Armor Level 2  
  117  9:39  Terran Ship Weapons Level 2  
  117  9:50  Viking x2  
  117  9:51  Viking x2, Supply Depot, SCV x3  
  128  9:53  Supply Depot  
  121  10:03  SCV  
  118  10:09  Marine  
  118  10:10  Marauder x3, Marine x3  
  128  10:20  Viking x2  
  132  10:21  Viking  
  132  10:25  SCV x2  
  132  10:26  Refinery  
  132  10:27  Refinery  
  136  10:35  Terran Infantry Weapons Level 3  
  136  10:40  Command Center  
  136  10:48  Marauder x3, Marine x4  
  146  10:55  Supply Depot x2  
  146  10:56  Supply Depot  
  146  10:59  Supply Depot  
  146  11:00  Supply Depot  
  146  11:07  Viking  
  148  11:14  Marine  
  148  11:16  Viking x2  
  148  11:17  Viking, Marauder x2  
  159  11:23  Supply Depot  
  159  11:24  Supply Depot  
  159  11:34  Marauder, Marine x4  
  165  11:40  Barracks  
  165  11:41  Barracks  
  165  11:42  Barracks  
  165  11:49  Ghost Academy  
  165  12:00  Viking x2, Medivac x2  
  172  12:09  Planetary Fortress  
  172  12:10  Missile Turret  
  172  12:13  Sensor Tower  
  172  12:14  Missile Turret  
  172  12:22  Ghost x2  
  173  12:37  Barracks Tech Lab x3  
  173  12:42  Ghost  
  173  12:43  Marine x3  
  175  12:50  Ghost  
  170  13:00  Refinery  
  170  13:01  Refinery, SCV x3  
  173  13:08  Missile Turret x2  
  173  13:10  Missile Turret  
  172  13:16  Ghost  
  172  13:17  Ghost x3  
  174  13:48  Liberator x3  
  153  13:59  Marauder, Marine x3  
  153  14:00  Marauder x3  
  126  14:03  Marine  
  126  14:04  Marine x2  
  106  14:17  Marine  
  105  14:27  Marine  
  105  14:28  Marine x8  
  104  14:35  Marine  
Tags
 
Add a new tag
Caveats
  • Supply blocks, unpowered buildings, or Contaminate may cause inaccurate times.
  • Supply counts are checked every 10 seconds.